 Dungeon Crawl Stone Soup version 0.26-a0-610-g3e9335bbc7 (webtiles) character file.

Game seed: 4930074335056322266

105 Peloso the Skirmisher (level 4, 0/41 HPs)
             Began as a Minotaur Fighter on Sept 3, 2020.
             Slain by an ice beast (11 damage)
             ... on level 2 of the Dungeon.
             The game lasted 00:02:20 (1337 turns).

Peloso the Skirmisher (Minotaur Fighter)            Turns: 1337, Time: 00:02:21

Health: 0/41       AC:  8    Str: 20    XL:     4   Next: 54%
Magic:  3/3        EV:  7    Int:  5    God:
Gold:   83         SH:  9    Dex: 11    Spells: 3/3 levels left

rFire    . . .     SeeInvis .   a - +0 long sword
rCold    . . .     Faith    .   c - +0 kite shield
rNeg     . . .     Spirit   .   b - +0 scale mail
rPois    .         Reflect  .   (helmet restricted)
rElec    .         Harm     .   (no cloak)
rCorr    +                      l - +0 pair of gloves
MR       .....                  (no boots)
Stlth    ..........             j - amulet of regeneration
HPRegen  0.53/turn              f - ring of resist corrosion
MPRegen  0.08/turn              (no ring)

@: no status effects
A: retaliatory headbutt, horns 2
a: no special abilities


You were on level 2 of the Dungeon.
You visited 1 branch of the dungeon, and saw 2 of its levels.

You collected 83 gold pieces.

Inventory:

Hand Weapons
 a - a +0 long sword (weapon)
Armour
 b - a +0 scale mail (worn)
 c - a +0 kite shield (worn)
 g - a scarf of repulsion
 l - a +0 pair of gloves (worn)
Jewellery
 f - a ring of resist corrosion (left hand)
 j - an amulet of regeneration (around neck)
Scrolls
 e - a scroll of enchant weapon {unknown}
 h - a scroll of remove curse
Potions
 d - a potion of might
 i - 2 potions of haste


   Skills:
 + Level 4.4 Fighting
 + Level 3.8 Long Blades
 + Level 4.3 Armour
 + Level 0.8 Dodging
 + Level 4.3 Shields


You had 3 spell levels left.
You didn't know any spells.
Your spell library was empty.

Dungeon Overview and Level Annotations

Branches:
Dungeon (2/15)

Altars:
Dithmenos
Makhleb
Uskayaw
Wu Jian


Innate Abilities, Weirdness & Mutations

You reflexively headbutt those who attack you in melee.
You have a pair of horns on your head.


Message History

The ice beast is lightly wounded.
You block the ice beast's attack.
You closely miss the ice beast.
The ice beast is lightly wounded.
The ice beast closely misses you.
The ice beast hits you but does no damage.
You hit the ice beast.
The ice beast is lightly wounded.
The ice beast hits you. The ice beast freezes you!
You barely miss the ice beast.
You headbutt the ice beast, but do no damage.
The ice beast is lightly wounded.
The ice beast hits you. The ice beast freezes you!
* * * LOW HITPOINT WARNING * * *
You hit the ice beast. You headbutt the ice beast.
The ice beast is moderately wounded.
You block the ice beast's attack. The ice beast hits you.
* * * LOW HITPOINT WARNING * * *
The ice beast freezes you!
You die...

#.♣♣♣♣♣ ♣.......(..
#.♣♣..♣ ♣...=..)(..
#....♣♣♣♣♣.........(.#
####..♣.♣♣.#.........#
###.#..##.........(
####.#####.........#
#....# ###.......#
#....# #...#..P.♣
#..@## ....#.♣≈≈≈
#..Y...# #.##.P≈≈≈≈
#...#### #.≈≈≈≈P #...#
#.≈.≈≈≈ #...# .P≈≈≈≈
#...# .≈≈≈≈≈ #...#
.≈≈≈≈ ##### ≈.≈≈≈
≈..≈≈


You could see an ice beast.

Vanquished Creatures
  A hound (D:2)
  2 adders (D:2)
  2 oozes
  2 worms (D:2)
  2 bats
  4 giant cockroaches
  4 goblins (D:2)
  6 hobgoblins
  7 jackals (D:2)
  2 frilled lizards (D:1)
  6 kobolds
  4 rats
42 creatures vanquished.

Vanquished Creatures (others)
  A plant (D:2)
1 creature vanquished.

Grand Total: 43 creatures vanquished

Notes
Turn   | Place    | Note
-------+----------+-------------------------------------------
     0 | D:1      | Peloso the Minotaur Fighter began the quest for the Orb.
     0 | D:1      | Reached XP level 1. HP: 19/19 MP: 0/0
   256 | D:1      | Reached XP level 2. HP: 27/27 MP: 1/1
   696 | D:1      | Found an ornate altar of the Wu Jian Council.
   749 | D:2      | Reached XP level 3. HP: 15/33 MP: 2/2
  1025 | D:2      | Found a burning altar of Makhleb.
  1031 | D:2      | Reached XP level 4. HP: 39/41 MP: 3/3
  1248 | D:2      | Found a hide-covered altar of Uskayaw.
  1274 | D:2      | Found a shadowy altar of Dithmenos.
  1324 | D:2      | Noticed an ice beast
  1337 | D:2      | Slain by an ice beast

Illustrated notes

Levels and vault maps discovered:
D:1:      dpeg_arrival_water_altar, layout_basic
D:2:      layout_rooms, makhleb_heckhound_becter, lemuel_coloured_pillars_altar,
          chequers_ecumenical_altar_grove, serial_bayou_pond_b,
          nicolae_dithmenos_through_a_glass_darkly

Skill      XL: |  1  2  3 |
---------------+----------+-----
Fighting       | 4 |  4.4
Shields        | 4 |  4.3
Armour         | 4 |  4.3
Long Blades    | 3 |  3.8
Dodging        | |  0.8

Action                   |  1- 3 |  4- 6 || total
-------------------------+-------+-------++-------
Melee: Long sword        |    66 |    29 ||    95
       Headbutt          |    12 |     4 ||    16
  Use: Scroll            |     4 |       ||     4
Armor: Scale mail        |    27 |    14 ||    41
Dodge: Dodged            |    37 |     8 ||    45
Block: Kite shield       |    43 |    20 ||    63
       Rpst.: Long sword |     5 |     3 ||     8

Table legend: (Time is in decaauts)
 A = Elapsed time spent in this place.
 B = Non-inter-level travel time spent in this place.
 C = Inter-level travel time spent in this place.
 D = Time resting spent in this place.
 E = Time spent auto-exploring this place.
 F = Levels seen in this place.
 G = Mean time per level.
                   A        B        C        D        E       F      G
               +--------+--------+--------+--------+--------+-----+--------+
         Total |   1369 |   1361 |      8 |      0 |   1027 |   2 |  684.5 |
       Dungeon |   1369 |   1361 |      8 |      0 |   1027 |   2 |  684.5 |
               +--------+--------+--------+--------+--------+-----+--------+

Top non-repeatable levels by time:
     D:1: 720 daAuts
     D:2: 649 daAuts
